 Dungeon Crawl Stone Soup version 0.20.1-1-g8b1a95d (webtiles) character file.

28 FerrousOx the Sneak (level 2, -3/13 HPs)
             Began as a Spriggan Enchanter on Aug 1, 2017.
             Slain by an adder (4 damage)
             ... on level 2 of the Dungeon on Aug 2, 2017.
             The game lasted 00:05:31 (1710 turns).

FerrousOx the Sneak (Spriggan Enchanter)            Turns: 1710, Time: 00:05:32

Health: -3/13      AC:  2    Str:  4    XL:     2   Next: 96%
Magic:  6/6        EV: 18    Int: 16    God:
Gold:   94         SH:  0    Dex: 16    Spells: 5/6 levels left

rFire    . . .     SeeInvis +   a - +2 dagger
rCold    . . .     Gourm    .   (shield restricted)
rNeg     . . .     Faith    .   b - +0 robe
rPois    .         Spirit   .   (helmet restricted)
rElec    .         Reflect  .   (no cloak)
rCorr    .         Harm     .   (gloves unavailable)
MR       .....                  (boots unavailable)
Stlth    +++.......             (no amulet)
Regen    0.1/turn               (no ring)
MPRegen  0.1/turn               (no ring)

@: lethally poisoned (-3 -> -11), very quick
A: unfitting armour, see invisible, herbivore 3, speed 3, slow metabolism 2
a: no special abilities


You were on level 2 of the Dungeon.
You were not hungry.

You visited 1 branch of the dungeon, and saw 2 of its levels.

You collected 94 gold pieces.

Inventory:

Hand Weapons
 a - a +2 dagger (weapon)
Missiles
 m - a throwing net (quivered)
Armour
 b - a +0 robe (worn)
Jewellery
 h - an uncursed ring of protection from cold {unknown}
Scrolls
 e - a scroll of identify
 f - a scroll of recharging
Potions
 g - a potion of invisibility {unknown}
 i - a potion of flight {unknown}
 j - a potion of curing {unknown}
Books
 c - a book of Maledictions

   Spells                             Type                      Level
   a - Corona                         Hexes                        1
   b - Ensorcelled Hibernation        Hexes/Ice                    2
   c - Confuse                        Hexes                        3
   d - Tukima's Dance                 Hexes                        3
   e - Dazzling Spray                 Conjuration/Hexes            3
Comestibles
 d - a bread ration
 k - 3 fruits


   Skills:
 * Level 2.1 Short Blades
 - Level 3.0 Dodging
 * Level 5.5 Stealth
 - Level 2.6 Spellcasting
 - Level 3.7 Hexes


You had 5 spell levels left.
You knew the following spells:

 Your Spells              Type           Power        Failure   Level  Hunger
a - Corona                Hex            ##.....      4%          1    #......


Dungeon Overview and Level Annotations

Branches:
Dungeon (2/15)

Altars:


Innate Abilities, Weirdness & Mutations

You are very small and have problems with some larger weapons.
You are too small for most types of armour.
You have supernaturally acute eyesight. (SInv)
You are a herbivore.
You cover ground extremely quickly.
You need consume almost no food.


Message History

You hit the adder.
The adder is heavily wounded.
The adder bites you.
You are poisoned.
The adder poisons you!
You hit the adder.
The adder is severely wounded.
You feel sick. The adder bites you.
You are more poisoned.
The adder poisons you!
You closely miss the adder.
The adder is severely wounded.
* * * LOW HITPOINT WARNING * * *
You feel sick. The adder barely misses you.
You closely miss the adder.
The adder is severely wounded.
The adder bites you.
* * * LOW HITPOINT WARNING * * *
The adder closely misses you. The adder bites you.
You die...

.......≈.....%....#
.......≈.......#.##
.....S≈≈.......#.#
......≈≈≈§.....#.#
.....≈≈S≈≈§....#.#
...≈≈≈≈≈≈≈≈≈≈..#.#
.≈≈≈≈≈≈≈≈≈≈≈≈≈.#.#
..≈≈§§≈§≈≈≈≈...#S#
...≈≈≈≈≈≈≈≈≈..).@#
.....≈≈≈≈≈≈....S.######
...§..≈≈≈≈≈......[....#
.....§.≈≈≈...†..#######
...§§....≈......#
.........≈..[...#
................#
......).........#
#################


You could see 2 adders.

Vanquished Creatures
  2 adders
  A goblin (D:1)
  2 hobgoblins (D:2)
  3 bats
  A frilled lizard (D:1)
  A kobold (D:1)
  2 rats (D:1)
12 creatures vanquished.

Notes
Turn   | Place    | Note
-------+----------+-------------------------------------------
     0 | D:1      | FerrousOx the Spriggan Enchanter began the quest for the Orb.
     0 | D:1      | Reached XP level 1. HP: 9/9 MP: 5/5
     3 | D:1      | Noticed an electric eel
     3 | D:1      | Noticed an electric eel
  1433 | D:2      | Reached XP level 2. HP: 11/13 MP: 6/6
  1452 | D:1      | Reached skill level 5 in Stealth
  1710 | D:2      | Slain by an adder

Skill      XL: |  1  2 |
---------------+-------+-----
Stealth        | 5 |  5.5
Short Blades   | 2 |  2.1
Dodging        | |  3.0
Spellcasting   | |  2.6
Hexes          | |  3.7

Action                   || total
-------------------------++-------
Melee: Dagger            ||   112
Throw: Throwing net      ||     1
  Use: Scroll            ||     3
 Stab: Sleeping          ||     2
Armor: Robe              ||    17
Dodge: Dodged            ||   134
